 Dungeon Crawl Stone Soup version 0.30-a0-1053-gbd8d5ba0ad (webtiles) character file.

Game seed: 16315693296523303020

16967 tsouns the Thaumaturge (level 12, -5/55 (58) HPs)
             Began as a Spriggan Venom Mage on Mar 17, 2023.
             Was an Elder of Vehumet.
             Slain by Rupert
             ... wielding a +2 triple sword of draining
              (32 damage)
             ... on level 2 of the Orcish Mines on Apr 11, 2023.
             The game lasted 00:45:47 (16140 turns).

tsouns the Thaumaturge (Spriggan Venom Mage)       Turns: 16140, Time: 00:45:48

HP:   -5/55 (58)    AC:  3    Str:  4    XL:     12   Next: 14%
MP:   3/30          EV: 24    Int: 25    God:    Vehumet [****..]
Gold: 1391          SH:  5    Dex: 15    Spells: 24/37 levels left

rFire   . . .      SeeInvis +    q - +1 arbalest
rCold   . . .      Faith    .    (shield currently unavailable)
rNeg    + . .      Spirit   .    m - +0 robe of Vonlinul {rElec rPois Int+3}
rPois   +          Reflect  +    (helmet restricted)
rElec   +          Rampage  .    F - +0 cloak {Will+}
rCorr   .                        (gloves unavailable)
Will    +++..                    (boots unavailable)
Stlth   +++                      x - amulet of reflection
HPRegen 0.29/turn                s - ring of positive energy
MPRegen 0.22/turn                t - +5 ring of evasion

@: about to teleport, drained, very quick
A: very small, no large weapons, unfitting armour, see invisible, speed 3
a: Renounce Religion


You were on level 2 of the Orcish Mines.
You worshipped Vehumet.
Vehumet was greatly pleased with you.
You visited 3 branches of the dungeon, and saw 14 of its levels.
You also visited: Bailey.

You collected 1391 gold pieces.

Inventory:

Hand Weapons
 o - a +2 dagger of speed
 q - a +1 arbalest (weapon)
 K - the +7 quarterstaff of Sin {drain, rElec rPois rC- MP+9}
   (You found it on level 11 of the Dungeon)

   rC:        It makes you vulnerable to cold.
   rElec:     It insulates you from electricity.
   rPois:     It protects you from poison.
   MP:        It affects your magic capacity (+9).
Armour
 a - a +2 buckler
 m - the +0 robe of Vonlinul (worn) {rElec rPois Int+3}
   (You found it on level 2 of the Dungeon)

   Int:       It affects your intelligence (+3).
   rElec:     It insulates you from electricity.
   rPois:     It protects you from poison.
 F - a +0 cloak of willpower (worn)
 J - the +0 robe "Forget-Me-Not" {rC+ rN++ Regen+ Dex-3}
   (You found it on level 10 of the Dungeon)

   Dex:       It affects your dexterity (-3).
   rC:        It protects you from cold.
   rN:        It greatly protects you from negative energy.
   Regen:     It increases your rate of health regeneration.
Jewellery
 n - a ring of resist corrosion
 s - a ring of positive energy (left hand)
 t - a +5 ring of evasion (right hand)
 v - a ring of flight
 x - an amulet of reflection (around neck)
Wands
 r - a wand of acid (29)
 w - a wand of flame (19)
 y - a wand of mindburst (27)
 A - a wand of polymorph (7)
 E - a wand of iceblast (9)
 G - a wand of digging (6)
Scrolls
 g - 2 scrolls of immolation
 j - 2 scrolls of fear
 k - 2 scrolls of amnesia
 l - 3 scrolls of teleportation
 D - 2 scrolls of magic mapping
 I - 2 scrolls of identify
 L - a scroll of fog
Potions
 b - a potion of magic
 c - 3 potions of mutation
 d - 3 potions of haste
 f - a potion of attraction
 h - 2 potions of might
 i - 7 potions of flight
 p - 6 potions of curing
 u - a potion of brilliance
 z - 2 potions of ambrosia
 B - a potion of lignification
 C - 2 potions of berserk rage
 H - a potion of invisibility {unknown}
Miscellaneous
 e - a phantom mirror


   Skills:
 - Level 4.6 Fighting
 + Level 10.2 Ranged Weapons
 - Level 5.6 Dodging
 - Level 6.6 Stealth
 + Level 13.1 Spellcasting
 - Level 4.2 Conjurations
 - Level 2.1 Translocations
 - Level 5.0 Transmutations
 - Level 4.4 Air Magic
 - Level 7.4 Poison Magic


You had 24 spell levels left.
You knew the following spells:

 Your Spells              Type           Power      Damage    Failure   Level
a - Sting                 Tmut/Pois      100%       1d8       1%          1
b - Poisonous Vapours     Pois/Air       92%        N/A       1%          2
c - Mephitic Cloud        Conj/Pois/Air  43%        N/A       1%          3
d - Olgreb's Toxic Radia  Pois           52%        N/A       1%          4
e - Vhi's Electric Charg  Tloc/Air       64%        N/A       2%          3

Your spell library contained the following spells:

 Spells                   Type           Power      Damage    Failure   Level
 Inner Flame              Hex/Fire       16%        N/A       3%          3
 Scorch                   Fire           32%        2d6       1%          2
 Static Discharge         Conj/Air       76%        2-6/arc   1%          2
 Necrotise                Necr           64%        1d7       3%          1
 Summon Small Mammal      Summ           64%        N/A       3%          1
 Flame Wave               Conj/Fire      26%        2d8       4%          4
 Arcjolt                  Conj/Air       19%        1d29      4%          5
 Irradiate                Conj/Tmut      19%        3d18      4%          5
 Lightning Bolt           Conj/Air       19%        1d33      4%          5
 Sublimation of Blood     Necr           16%        N/A       5%          2
 Call Canine Familiar     Summ           16%        N/A       11%         3
 Summon Guardian Golem    Hex/Summ       16%        N/A       11%         3
 Vampiric Draining        Necr           16%        2d7       11%         3
 Petrify                  Tmut/Erth      29%        N/A       12%         4
 Summon Forest            Summ/Tloc      10%        N/A       54%         5
 Agony                    Necr           16%        N/A       69%         5
 Summon Mana Viper        Hex/Summ       16%        N/A       69%         5
 Summon Cactus Giant      Summ           8%         N/A       99%         6


Dungeon Overview and Level Annotations

Branches:
Dungeon (11/15)            Temple (1/1) D:5            Lair (0/5) D:9
    Orc (2/2) D:11            Elf (0/3) Orc:2        Bailey (visited)

Altars:
Ashenzari
Cheibriados
Dithmenos
Elyvilon
Fedhas
Gozag
Hepliaklqana
Kikubaaqudgha
Makhleb
Nemelex Xobeh
Okawaru
Qazlal
Ru
Sif Muna
Trog
Uskayaw
Vehumet
Wu Jian
Xom
Yredelemnul
Zin
The Shining One

Annotations:
D:4 Natasha
D:5 2 transporters, Dirtsage's ghost, novice DsFi
Orc:2 Rupert


Innate Abilities, Weirdness & Mutations

You are very small and have problems with some larger weapons.
You are too small for most types of armour.
You have supernaturally acute eyesight. (SInv)
You cover ground extremely quickly. (Speed+++)


Message History

Rupert is severely wounded.
Unknown command.
Fire: q) +1 arbalest
Press: ? - help, Q - select action, (/) - cycle Shift-Dir - straight line, f/p - Rupert
Aim: Rupert, wielding a +2 triple sword of draining and wearing a +0 leather armour (severely wounded, extremely poisoned, slow, 63% to hit)
You shoot a bolt. The bolt closely misses Rupert.
Unknown command.
Unknown command.
Fire: q) +1 arbalest
Press: ? - help, Q - select action, (/) - cycle Shift-Dir - straight line, f/p - Rupert
Aim: Rupert, wielding a +2 triple sword of draining and wearing a +0 leather armour (severely wounded, extremely poisoned, slow, 63% to hit)
You shoot a bolt. The bolt completely misses Rupert.
Rupert drinks a potion.
Rupert is healed!
Rupert looks more healthy.
Unknown command.
Casting: Poisonous Vapours (safe; 1% risk of failure)
Confirm with . or Enter, or press ? or * to list all spells.
Aiming: Sting (safe; 1% risk of failure)
Press: ? - help, Shift-Dir - straight line, f/p - Rupert
Aim: Rupert, wielding a +2 triple sword of draining and wearing a +0 leather armour (severely wounded, slow, 78% to hit)
The sting hits Rupert.
Rupert is poisoned.
Rupert is severely wounded.
Fire: q) +1 arbalest
Press: ? - help, Q - select action, (/) - cycle Shift-Dir - straight line, f/p - Rupert
Aim: Rupert, wielding a +2 triple sword of draining and wearing a +0 leather armour (severely wounded, poisoned, slow, 63% to hit)
You shoot a bolt. The bolt hits Rupert.
Rupert is severely wounded.
Rupert looks more energetic.
Rupert roars madly and goes into a rage!
Rupert goes berserk!
Unknown command.
Rupert rages.
Found 11 gold pieces.
Rupert rages.
Rupert looks more healthy.
Okay, then.
As you read the scroll of teleportation, it crumbles to dust.
You feel strangely unstable.
Rupert hits you with a +2 triple sword of draining!!
Ouch! That really hurt!
You die...

### ##.# ##@@### #.....##
##......## ###........#
....# #..........#
......#.#.........#
..$......###....^......
...........#......$......
. ..............####.####


You could see Rupert (berserk).

Vanquished Creatures
  A centaur warrior (D:8)
  Erica (D:9)
  2 two-headed ogres (D:11)
  2 boulder beetles (D:11)
  2 orc knights (Bailey)
  2 cyclopes
  An ugly thing (D:8)
  Maurice (D:8)
  An unseen horror (D:11)
  A kobold demonologist (D:11)
  A tengu conjurer (D:8)
  2 trolls
  A meliai (D:8)
  A slime creature (D:8)
  Sigmund (D:3)
  A vampire (D:10)
  A wyvern (D:9)
  Grum (D:9)
  5 yaks
  A steam dragon (D:7)
  3 vampire mosquitoes
  2 basilisks
  A warg (Orc:2)
  An acid dragon (D:9)
  2 water moccasins
  A sky beast (D:7)
  An ice beast (D:8)
  14 orc warriors
  3 black bears
  4 ogres
  2 centaurs
  4 wolves (D:9)
  2 phantoms
  3 kobold brigands
  2 necrophages
  A bullfrog (D:6)
  3 scorpions
  22 wights
  17 killer bees
  3 howler monkeys
  An electric eel (D:6)
  2 hounds
  9 orc priests
  6 jellies
  5 iguanas
  Natasha (D:4)
  14 orc wizards
  Robin (D:2)
  7 adders
  5 gnolls
  4 white imps
  An ufetubus (D:6)
  A worm (D:2)
  A dart slug (D:1)
  53 orcs
  8 ball pythons
  5 bats
  3 endoplasms
  A giant cockroach (D:1)
  25 goblins
  11 hobgoblins
  6 jackals (D:2)
  30 kobolds
  5 quokkas
  3 frilled lizards
  7 rats
335 creatures vanquished.

Vanquished Creatures (collateral kills)
  A killer bee (D:10)
1 creature vanquished.

Vanquished Creatures (others)
  A manticore (D:8)
  A fungus (D:9)
  3 plants (D:9)
5 creatures vanquished.

Grand Total: 341 creatures vanquished

Notes
Turn   | Place    | Note
-------+----------+-------------------------------------------
     0 | D:1      | tsouns the Spriggan Venom Mage began the quest for the Orb.
     0 | D:1      | Reached XP level 1. HP: 9/9 MP: 5/5
   221 | D:1      | Reached XP level 2. HP: 13/13 MP: 3/6
   224 | D:1      | Learned a level 2 spell: Poisonous Vapours
   557 | D:1      | Reached skill level 3 in Spellcasting
  1004 | D:1      | Found a faded altar of an unknown god.
  1107 | D:2      | Reached XP level 3. HP: 16/16 MP: 3/8
  1503 | D:2      | Identified the +0 robe of Vonlinul {rElec rPois Int+3}
  1669 | D:2      | Reached XP level 4. HP: 21/21 MP: 5/10
  1857 | D:2      | Noticed Robin
  1877 | D:2      | Killed Robin
  2768 | D:3      | Noticed Sigmund
  2788 | D:3      | Killed Sigmund
  2789 | D:3      | Reached skill level 5 in Stealth
  2789 | D:3      | Reached skill level 4 in Spellcasting
  2789 | D:3      | Reached XP level 5. HP: 24/24 MP: 4/12
  2789 | D:3      | Reached XP level 6. HP: 28/28 MP: 4/13
  3093 | D:3      | Found a stormy altar of Qazlal.
  3956 | D:3      | Learned a level 3 spell: Mephitic Cloud
  4248 | D:4      | Reached skill level 5 in Dodging
  4292 | D:4      | Reached XP level 7. HP: 32/32 MP: 15/15
  4399 | D:4      | Noticed Natasha
  4412 | D:4      | Killed Natasha
  4760 | D:4      | Reached skill level 5 in Spellcasting
  4911 | D:4      | Found a burning altar of Makhleb.
  5059 | D:5      | Entered Level 5 of the Dungeon
  5141 | D:4      | Noticed Natasha
  5259 | D:5      | HP: 1/32 [ogre/+0 giant club (31)]
  5307 | D:5      | Reached skill level 5 in Transmutations
  5422 | D:5      | Learned a level 4 spell: Olgreb's Toxic Radiance
  5540 | D:5      | Reached skill level 1 in Ranged Weapons
  5540 | D:5      | Reached skill level 1 in Air Magic
  5540 | D:5      | Reached skill level 5 in Poison Magic
  5540 | D:5      | Found a transporter.
  5579 | D:5      | Found a broken altar of Ashenzari.
  5590 | D:5      | Found a staircase to the Ecumenical Temple.
  5661 | D:5      | Reached XP level 8. HP: 30/36 MP: 13/17
  5740 | D:5      | Reached skill level 6 in Spellcasting
  5874 | D:5      | Found a transporter.
  5875 | D:5      | Noticed Dirtsage's ghost (novice DsFi)
  6033 | Temple   | Entered the Ecumenical Temple
  6912 | D:6      | Reached skill level 7 in Spellcasting
  7606 | D:6      | Reached XP level 9. HP: 23/39 MP: 20/20
  8181 | D:7      | Found a shimmering altar of Xom.
  8942 | D:7      | Found a shadowy altar of Dithmenos.
  9001 | D:7      | Found a radiant altar of Vehumet.
  9029 | D:7      | Became a worshipper of Vehumet
  9162 | D:8      | Reached skill level 8 in Spellcasting
  9299 | D:8      | Reached skill level 1 in Conjurations
  9451 | D:8      | Reached skill level 5 in Ranged Weapons
  9930 | D:8      | Reached * piety under Vehumet
  9930 | D:8      | Offered knowledge of Sandblast by Vehumet.
  9931 | D:8      | Found a flagged portal.
  9936 | Bailey   | Entered a bailey
  9950 | Bailey   | Noticed an orc knight
 10201 | Bailey   | Noticed an orc knight
 10222 | Bailey   | Killed an orc knight
 10223 | Bailey   | Reached skill level 9 in Spellcasting
 10223 | Bailey   | Reached XP level 10. HP: 30/44 MP: 2/24
 10389 | Bailey   | Killed an orc knight
 10839 | D:8      | Noticed Maurice
 10852 | D:8      | Killed Maurice
 10945 | D:8      | Noticed a centaur warrior
 10958 | D:8      | Killed a centaur warrior
 10959 | D:8      | Noticed a cyclops
 10990 | D:8      | Reached skill level 10 in Spellcasting
 11141 | D:8      | Noticed a manticore
 11255 | D:8      | Noticed a purple ugly thing
 11294 | D:8      | Killed a purple ugly thing
 11295 | D:8      | Reached skill level 1 in Fighting
 11319 | D:8      | Killed a cyclops
 11472 | D:8      | Learned a level 3 spell: Vhi's Electric Charge
 11557 | D:8      | HP: 1/46 [vampire (8)]
 12018 | D:9      | Noticed Grum
 12018 | D:9      | Found a staircase to the Lair.
 12064 | D:9      | Reached skill level 1 in Translocations
 12108 | D:9      | Reached ** piety under Vehumet
 12108 | D:9      | Offered knowledge of Searing Ray by Vehumet.
 12210 | D:9      | Killed Grum
 12211 | D:9      | Reached XP level 11. HP: 51/51 MP: 14/26
 12578 | D:9      | Found a white marble altar of Elyvilon.
 12669 | D:9      | Found a shimmering blue altar of Sif Muna.
 12680 | D:9      | Reached skill level 11 in Spellcasting
 12712 | D:9      | Upgraded the game from 0.30-a0-782-ge64f9170bb to
                  | 0.30-a0-1016-gfb0d676c02
 12786 | D:9      | Noticed Erica
 12811 | D:9      | Killed Erica
 12818 | D:9      | Offered knowledge of Stone Arrow by Vehumet.
 13482 | D:10     | Entered Level 10 of the Dungeon
 13594 | D:10     | Found an ornate altar of the Wu Jian Council.
 13762 | D:10     | Reached *** piety under Vehumet
 14076 | D:10     | Identified the +0 robe "Forget-Me-Not" {rC+ rN++ Regen+
                  | Dex-3}
 14661 | D:11     | Offered knowledge of Airstrike by Vehumet.
 14859 | D:11     | Noticed a boulder beetle
 14874 | D:11     | Killed a boulder beetle
 14875 | D:11     | Reached skill level 12 in Spellcasting
 14978 | D:11     | Found a staircase to the Orcish Mines.
 15142 | D:11     | Noticed a two-headed ogre
 15163 | D:11     | Noticed a two-headed ogre
 15166 | D:11     | Killed a two-headed ogre
 15190 | D:11     | Killed a two-headed ogre
 15334 | D:11     | Identified the +7 quarterstaff of Sin {drain, rElec rPois
                  | rC- MP+9}
 15379 | D:11     | Noticed a boulder beetle
 15391 | D:11     | Killed a boulder beetle
 15392 | D:11     | Reached XP level 12. HP: 47/58 MP: 18/29
 15712 | Orc:1    | Entered Level 1 of the Orcish Mines
 15717 | Orc:1    | Reached **** piety under Vehumet
 15728 | Orc:1    | Reached skill level 10 in Ranged Weapons
 15733 | Orc:1    | Reached skill level 13 in Spellcasting
 15921 | Orc:2    | Entered Level 2 of the Orcish Mines
 15921 | Orc:2    | Found a staircase to the Elven Halls.
 15927 | Orc:2    | Offered knowledge of Inner Flame by Vehumet.
 15955 | Orc:1    | Upgraded the game from 0.30-a0-1016-gfb0d676c02 to
                  | 0.30-a0-1053-gbd8d5ba0ad
 16077 | Orc:2    | Noticed Rupert
 16140 | Orc:2    | Slain by Rupert

Illustrated notes

Levels and vault maps discovered:
D:1:      lightli_arrival_boilingwater, layout_basic,
          ebering_ecumenical_altar_ruins
D:2:      layout_basic, chequers_serial_rivers_micro_e,
          hangedman_decor_peaks_small, minmay_surrounded, uniq_robin
D:3:      layout_basic, lemuel_crystal_altar, uniq_sigmund
D:4:      layout_rooms, makhleb_heckhound_becter, uniq_natasha
D:5:      layout_rooms, ashenzari_altar_1, minmay_temple_entry_stoned_glass,
          gammafunk_ghost_hive, kennysheep_small_circle
D:6:      minmay_clustersquares, layout_layer_cave, kennysheep_doodads
D:7:      layout_basic, mainiacjoe_overflow_six_doors_small,
          mainiacjoe_overflow_boulevard, grunt_dithmenos_smoke
D:8:      layout_basic, enter_bailey_3, chequers_serial_rivers_room_a,
          minmay_evil_grid, uniq_maurice
D:9:      layout_roguey, mainiacjoe_overflow_catch_the_wave, david_lair_generic,
          kennysheep_generic_room_12, uniq_erica, uniq_grum
D:10:     layout_grid_maze, mainiacjoe_overflow_24_doors
D:11:     layout_small_grid, david_orc_3
Temple:   nicolae_temple_ecumenical_triangle
Orc:1:    layout_caves, uniq_josephine
Orc:2:    st_orc_mages, layout_diamond_mine, mines1_david, uniq_rupert

Skill      XL: |  1  2  3  4  5  6  7  8  9 10 11 12 |
---------------+-------------------------------------+-----
Dodging        | 3 4 5 |  5.6
Spellcasting   | 3 4 5 7 9 10 12 13 | 13.1
Transmutations | 2 3 4 5 |  5.0
Stealth        | 4 5 6 |  6.6
Poison Magic   | 4 5 6 7 |  7.4
Ranged Weapons | 1 3 6 7 9 10 | 10.2
Air Magic      | 1 3 4 |  4.4
Conjurations   | 2 4 |  4.2
Fighting       | 2 4 |  4.6
Translocations | 2 |  2.1

Action                     |  1- 3 |  4- 6 |  7- 9 | 10-12 || total
---------------------------+-------+-------+-------+-------++-------
  Melee: Unarmed           |    15 |     6 |       |       ||    21
         Dagger            |       |    37 |       |       ||    37
         Arbalest          |       |       |       |     8 ||     8
   Fire: Arbalest          |       |    30 |   223 |   363 ||   616
   Cast: Sting             |    43 |    49 |   101 |    50 ||   243
         Poisonous Vapours |    25 |    48 |    92 |    51 ||   216
         Mephitic Cloud    |       |       |     5 |    37 ||    42
         Vhi's Electric Ch |       |       |       |     8 ||     8
         Olgreb's Toxic Ra |       |       |       |    16 ||    16
    Use: Scroll            |       |    11 |     5 |     8 ||    24
         Potion            |       |       |     1 |     1 ||     2
 Armour: Robe              |     1 |     3 |    10 |     7 ||    21
  Dodge: Dodged            |    29 |    42 |   104 |   202 ||   377
  Block: Other             |       |       |       |    52 ||    52
         Reflection        |       |       |       |     2 ||     2

Table legend: (Time is in decaauts)
 A = Elapsed time spent in this place.
 B = Non-inter-level travel time spent in this place.
 C = Inter-level travel time spent in this place.
 D = Time resting spent in this place.
 E = Time spent auto-exploring this place.
 F = Levels seen in this place.
 G = Mean time per level.
                   A        B        C        D        E       F      G
               +--------+--------+--------+--------+--------+-----+--------+
         Total |  12920 |  12665 |    255 |    100 |   9602 |  15 |  861.3 |
       Dungeon |  11854 |  11619 |    235 |      0 |   9004 |  11 | 1077.6 |
        Temple |     31 |     24 |      7 |      0 |     12 |   1 |   31.0 |
  Orcish Mines |    363 |    351 |     12 |      0 |    217 |   2 |  181.5 |
        Bailey |    670 |    670 |      0 |    100 |    368 |   1 |  670.0 |
               +--------+--------+--------+--------+--------+-----+--------+

Top non-repeatable levels by time:
     D:8: 1957 daAuts
     D:6: 1351 daAuts
     D:2: 1314 daAuts
     D:3: 1087 daAuts
     D:9: 1053 daAuts
     D:4: 986 daAuts
    D:11: 974 daAuts
     D:1: 872 daAuts
     D:5: 780 daAuts
     D:7: 743 daAuts
    D:10: 733 daAuts
  Bailey: 670 daAuts
   Orc:1: 268 daAuts
   Orc:2: 94 daAuts
  Temple: 31 daAuts
